Map: [ESL] Ancient Cistern

Players

soO - Winner!

  • Race: Zerg Zerg

Zoun

  • Race: Protoss Protoss

Event: IEM Katowice 2023

VOD

Have the link to the VOD?

Description

Time

  • Played on: Feb. 8, 2023, 9:28 a.m.
  • Length: 10:58

All games in this series

Show
View Real Time Build Order
Export as new Build Order

soO Zerg - Winner!

Build Orders: Hatch First 

Get SALT Encoding   

  12  0:00  Drone  
  13  0:12  Overlord  
  13  0:16  Drone  
  14  0:30  Drone x2  
  16  0:43  Drone  
  17  0:52  Hatchery  
  17  0:55  Drone  
  17  0:58  Drone  
  18  1:09  Extractor  
  17  1:13  Spawning Pool  
  17  1:16  Drone  
  17  1:20  Drone  
  18  1:27  Drone  
  19  1:38  Drone  
  20  1:48  Drone  
  21  2:01  Zergling x2  
  22  2:03  Queen  
  22  2:04  Drone, Queen  
  27  2:10  Overlord  
  27  2:11  Metabolic Boost  
  27  2:16  Drone  
  28  2:29  Drone x2  
  30  2:31  Drone  
  31  2:37  Drone  
  31  2:39  Hatchery  
  31  2:43  Zergling x2  
  32  2:51  Overlord  
  32  2:54  Queen  
  32  2:55  Drone  
  32  2:58  Drone  
  36  3:07  Overlord  
  36  3:10  Drone, Queen  
  39  3:14  Drone x2  
  39  3:16  Overlord  
  39  3:19  Drone  
  42  3:26  Overlord  
  42  3:29  Drone x2  
  42  3:33  Queen  
  46  3:40  Drone x2  
  48  3:45  Drone x2  
  48  3:46  Drone  
  51  3:48  Queen  
  51  3:50  Drone  
  51  3:51  Queen  
  51  3:53  Drone  
  57  3:59  Drone  
  57  4:01  Drone  
  59  4:03  Baneling Nest  
  59  4:04  Zergling x4  
  59  4:08  Zergling x4  
  62  4:15  Zergling x6  
  65  4:18  Zergling x6  
  65  4:20  Spore Crawler  
  65  4:21  Spore Crawler  
  65  4:23  Spore Crawler  
  65  4:24  Zergling x2  
  65  4:29  Zergling x6  
  68  4:34  Zergling x4  
  70  4:43  Overlord  
  69  4:46  Overlord, Drone x2  
  69  4:47  Drone x2  
  69  4:50  Overlord  
  69  4:51  Overlord  
  73  4:53  Overlord  
  73  4:57  Overlord  
  73  5:03  Drone x3  
  73  5:04  Drone x2  
  73  5:05  Drone  
  79  5:09  Drone  
  79  5:10  Roach Warren  
  79  5:15  Drone  
  79  5:20  Drone  
  81  5:21  Drone  
  81  5:22  Extractor  
  81  5:23  Extractor  
  81  5:24  Drone x2  
  81  5:25  Drone  
  81  5:26  Drone  
  81  5:28  Baneling x6  
  84  5:29  Baneling, Zergling x4  
  84  5:31  Zergling x4  
  87  5:37  Zergling x8  
  101  5:50  Roach x5  
  99  6:06  Roach x2, Zergling x14  
  110  6:17  Roach x3, Zergling x2  
  117  6:19  Overlord  
  117  6:20  Overlord  
  117  6:24  Roach x2, Zergling x2  
  117  6:25  Baneling x4  
  122  6:26  Overlord  
  122  6:31  Baneling x2  
  122  6:36  Overlord  
  122  6:37  Extractor x2, Overlord  
  122  6:39  Overlord  
  120  6:43  Ravager  
  121  6:49  Roach x3  
  126  7:03  Drone x4  
  126  7:04  Lair  
  126  7:07  Drone x3  
  133  7:11  Drone x3  
  133  7:13  Drone  
  137  7:17  Drone x2  
  137  7:22  Drone x4  
  142  7:26  Drone x2  
  142  7:29  Extractor  
  143  7:35  Drone x2  
  145  7:39  Hatchery, Ravager x2  
  145  7:40  Roach x7  
  160  7:49  Overlord  
  159  7:54  Overlord x2  
  159  7:59  Zergling x12  
  159  8:00  Overlord  
  159  8:01  Centrifugal Hooks  
  159  8:02  Glial Reconstitution, Evolution Chamber  
  159  8:04  Ravager  
  164  8:16  Ravager x2  
  164  8:17  Roach x6, Zergling x10  
  180  8:23  Baneling x2  
  180  8:33  Zergling x8  
  183  8:41  Zerg Melee Weapons Level 1  
  183  8:42  Zergling x18  
  183  8:43  Drone  
  183  8:44  Spore Crawler  
  192  8:50  Ravager x2  
  192  8:52  Baneling x16  
  194  8:59  Zergling x4  
  194  9:00  Zergling x6  
  199  9:16  Baneling x13  
  196  9:21  Overlord  
  194  9:30  Zergling x2  
  194  9:31  Zergling x32  
  187  9:40  Zergling x22  
  193  9:46  Baneling x11  
  193  9:49  Roach, Zergling x4  
  186  9:54  Drone x3  
  188  10:02  Zergling x10  
  182  10:18  Zergling x22  
  179  10:24  Infestation Pit, Zergling x4  
  177  10:31  Zergling x2  
  177  10:32  Zergling x14  
  177  10:33  Zergling x2  
  182  10:36  Zergling x2  
Show
View Real Time Build Order
Export as new Build Order

Zoun Protoss 

Build Orders: 1 Gate Expand 

Get SALT Encoding   

  12  0:00  Probe  
  13  0:12  Probe  
  14  0:19  Pylon  
  14  0:24  Probe  
  15  0:37  Probe (Chrono Boost)  
  15  0:40  Gateway  
  16  0:47  Probe (Chrono Boost)  
  17  0:50  Assimilator  
  17  0:52  Probe (Chrono Boost)  
  18  1:03  Probe  
  19  1:15  Probe  
  20  1:25  Nexus  
  20  1:36  Cybernetics Core  
  20  1:39  Probe  
  21  1:43  Assimilator  
  21  1:51  Probe  
  22  1:55  Pylon  
  22  2:03  Probe  
  23  2:10  Adept (Chrono Boost)  
  23  2:15  Probe, Warp Gate  
  25  2:22  Robotics Facility  
  26  2:28  Probe  
  27  2:35  Stalker  
  29  2:38  Probe (Chrono Boost)  
  29  2:40  Probe (Chrono Boost)  
  31  2:48  Probe (Chrono Boost)  
  31  2:49  Probe (Chrono Boost)  
  33  2:53  Probe (Chrono Boost)  
  33  2:57  Probe  
  35  3:05  Adept  
  37  3:06  Probe  
  37  3:09  Probe, Warp Prism (Chrono Boost)  
  41  3:21  Gateway  
  41  3:25  Twilight Council  
  41  3:28  Probe  
  41  3:30  Probe  
  43  3:37  Pylon  
  43  3:40  Observer  
  44  3:41  Probe  
  44  3:43  Probe  
  46  3:54  Resonating Glaives (Chrono Boost)  
  46  3:55  Probe  
  47  3:57  Gateway  
  47  3:59  Probe  
  47  4:00  Gateway  
  48  4:04  Pylon  
  48  4:08  Assimilator  
  48  4:18  Gateway x2  
  48  4:24  Adept x2  
  48  4:26  Pylon, Probe  
  48  4:28  Probe  
  54  4:35  Pylon  
  54  4:48  Adept x2  
  58  4:53  Adept  
  58  4:54  Pylon  
  58  4:55  Adept  
  58  4:58  Probe x2, Robotics Bay  
  64  5:02  Observer  
  64  5:05  Assimilator  
  64  5:20  Probe  
  65  5:21  Adept x5  
  65  5:22  Adept  
  77  5:37  Gravitic Drive  
  77  5:43  Disruptor (Chrono Boost)  
  80  5:51  Adept x3  
  80  5:54  Pylon  
  86  5:57  Pylon  
  84  6:10  Adept  
  86  6:13  Pylon  
  86  6:15  Observer, Disruptor (Chrono Boost)  
  89  6:20  Adept x5  
  99  6:40  Nexus, Probe x2  
  99  6:42  Pylon, Blink (Chrono Boost)  
  101  6:48  Disruptor (Chrono Boost)  
  104  7:01  Probe  
  104  7:04  Shield Battery, Probe  
  106  7:14  Gateway, Probe  
  107  7:16  Gateway, Probe  
  106  7:22  Warp Prism  
  106  7:26  Probe  
  106  7:28  Probe  
  110  7:30  Observer  
  110  7:33  Stalker x4  
  118  7:38  Observer  
  118  7:43  Pylon, Observer  
  118  7:45  Pylon  
  118  7:50  Shield Battery  
  118  7:56  Sentry x3, Stalker x2  
  118  7:57  Shield Battery  
  128  8:00  Probe x2  
  130  8:08  Probe  
  130  8:12  Probe  
  132  8:13  Probe  
  133  8:20  Forge, Stalker x4  
  141  8:32  Pylon x2  
  141  8:48  Stalker x4  
  141  8:52  Stalker x2  
  141  8:53  Pylon  
  141  8:54  Pylon, Sentry x2  
  157  9:02  Stalker x2  
  155  9:30  Stalker x7  
  155  9:31  Stalker  
  127  9:46  Probe x2  
  126  10:01  Stalker x8  
  142  10:13  Disruptor (Chrono Boost)  
  116  10:25  Stalker  
  116  10:26  Stalker x5  
  116  10:41  Stalker x2  
  117  10:49  Stalker x2  
  103  10:51  Zealot  

Tags
 
Add a new tag
Caveats
  • Supply blocks, unpowered buildings, or Contaminate may cause inaccurate times.
  • Supply counts are checked every 10 seconds.